 Dungeon Crawl Stone Soup version 0.23.2 (webtiles) character file.

Game seed: 16242135776957219833

154 Kairos the Skirmisher (level 5, 0/43 HPs)
             Began as a Formicid Abyssal Knight on Apr 12, 2019.
             Was a Believer of Lugonu.
             Slain by Grinder (4 damage)
             ... on level 3 of the Dungeon.
             The game lasted 00:03:36 (2052 turns).

Kairos the Skirmisher (Formicid Abyssal Knight)     Turns: 2052, Time: 00:03:37

Health: 0/43       AC: 13    Str: 17    XL:     5   Next: 62%
Magic:  6/6        EV: 10    Int: 12    God:    Lugonu [**....]
Gold:   221        SH:  0    Dex: 18    Spells: 4/4 levels left

rFire    . . .     SeeInvis +   a - +1 spear
rCold    . . .     Gourm    .   (no shield)
rNeg     . . .     Faith    .   e - +2 plate armour
rPois    .         Spirit   .   (helmet unavailable)
rElec    .         Reflect  .   f - scarf {repulsion}
rCorr    +         Harm     .   (no gloves)
MR       .....                  (no boots)
Stlth    ..........             (no amulet)
HPRegen  0.14/turn              l - ring of resist corrosion
MPRegen  0.10/turn              k - +3 ring of dexterity

@: agile, lightly drained, repel missiles
A: permanent stasis, dig shafts and tunnels, four strong arms, antennae 3
a: Dig, Shaft Self, Depart the Abyss, Bend Space, Renounce Religion


You were on level 3 of the Dungeon.
You worshipped Lugonu.
Lugonu was pleased with you.
You were very hungry.

You visited 1 branch of the dungeon, and saw 3 of its levels.
You visited the Abyss 1 time.

You collected 221 gold pieces.

Inventory:

Hand Weapons
 a - a +1 spear (weapon)
Missiles
 d - 2 tomahawks (quivered)
Armour
 b - a +0 leather armour
 e - a +2 plate armour (worn)
 f - a scarf of repulsion (worn)
Jewellery
 k - a +3 ring of dexterity (right hand)
 l - a ring of resist corrosion (left hand)
 n - a cursed -2 ring of evasion {unknown}
Scrolls
 m - 3 scrolls of remove curse
 o - a scroll of amnesia {unknown}
 r - a scroll of immolation {unknown}
Potions
 g - a potion of brilliance
Comestibles
 c - 7 rations


   Skills:
 + Level 4.5(4.3) Fighting
 + Level 4.0(3.8) Polearms
 + Level 3.1(2.9) Armour
 + Level 0.9(0.7) Dodging
 + Level 2.1(1.9) Invocations


You had 4 spell levels left.
You didn't know any spells.
Your spell library was empty.

Dungeon Overview and Level Annotations

Branches:
Dungeon (3/15)

Altars:

Annotations:
D:3 Grinder


Innate Abilities, Weirdness & Mutations

You cannot be hasted, slowed, berserked, paralysed or teleported.
You can dig through walls and to a lower floor.
Your four strong arms can wield two-handed weapons with a shield.
You have a pair of large antennae on your head. (SInv)


Message History

You barely miss Grinder.
Grinder is heavily wounded.
Grinder hits you but does no damage.
You hit Grinder but do no damage.
Grinder is heavily wounded.
Grinder hits you.
* * * LOW HITPOINT WARNING * * *
You hit Grinder but do no damage.
Grinder is heavily wounded.
Grinder gestures at you.
You struggle to resist.
You closely miss Grinder.
Grinder is heavily wounded.
You hit Grinder.
Grinder is heavily wounded.
Grinder barely misses you.
You hit Grinder.
Grinder is severely wounded.
Grinder hits you.
You die...

#.#.....................
#.#.....########.#######
#.#.(...+........<.....#
#.#.....##############.#
#.#..............
#.#......########
#.#.)....###
#.#........########.(. #
#.#........'..@5...# #
#.#........#######.#
###.########## .##.#
.##.# .##.# ..#.# #.#.#
#.).#


You could see Grinder.

Vanquished Creatures
  9 adders
  2 dart slugs (D:1)
  2 leopard geckos
  2 ball pythons (D:2)
  9 bats
  3 giant cockroaches
  8 goblins
  11 hobgoblins
  8 frilled lizards
  8 kobolds
  10 rats
72 creatures vanquished.

Notes
Turn   | Place    | Note
-------+----------+-------------------------------------------
     0 | Abyss:1  | Kairos the Formicid Abyssal Knight began the quest for the
                  | Orb.
     0 | Abyss:1  | Reached XP level 1. HP: 18/18 MP: 2/2
   121 | Abyss:1  | Noticed a worldbinder
   125 | Abyss:1  | Noticed a deep elf mage
   125 | Abyss:1  | Noticed a deep elf knight
   126 | Abyss:1  | Noticed a deep elf mage
   126 | Abyss:1  | Noticed a deep elf mage
   126 | Abyss:1  | Noticed a deep elf knight
   127 | D:1      | Escaped the Abyss
   259 | D:1      | Reached XP level 2. HP: 23/24 MP: 3/3
   303 | D:1      | Reached * piety under Lugonu
   458 | D:1      | Reached XP level 3. HP: 30/30 MP: 4/4
   951 | D:2      | Reached XP level 4. HP: 27/37 MP: 5/5
   953 | D:2      | Reached ** piety under Lugonu
  1429 | D:3      | Reached XP level 5. HP: 41/43 MP: 6/6
  2022 | D:3      | Noticed Grinder
  2052 | D:3      | Slain by Grinder

Skill      XL: |  1  2  3  4  5 |
---------------+----------------+-----
Fighting       | 4 |  4.5
Polearms       | 3 4 |  4.0
Armour         | 3 |  3.1
Dodging        | |  0.9
Invocations    | |  2.1

Action                   |  1- 3 |  4- 6 || total
-------------------------+-------+-------++-------
Melee: Spear             |   160 |   181 ||   341
Invok: Depart the Abyss  |     1 |       ||     1
  Use: Scroll            |     6 |     2 ||     8
       Potion            |     3 |     2 ||     5
  Eat: Chunk             |       |     3 ||     3
Armor: Plate armour      |   126 |   105 ||   231
Dodge: Dodged            |    33 |    34 ||    67
       Deflected         |     6 |       ||     6
